[Event "Early-Titled-Tuesday-Blitz-April-16-2024"]
[Site "Chess.com"]
[Date "2024.04.16"]
[Round "8"]
[White "GoltsevDmitry2000"]
[Black "Vahe_Danielyan"]
[Result "1-0"]
[WhiteElo "2781"]
[BlackElo "2608"]
[TimeControl "180+1"]
[EndTime "9:27:33 PDT"]
[Termination "GoltsevDmitry2000 won by resignation"]

1. e4 c6 2. e5 d5 3. exd6 exd6 4.
d4 Nf6 5. Nf3 d5 6. c4 Bb4+ 7.
Nc3 O-O 8. Be2 dxc4 9. Bxc4 Re8+ 10. Be3 Nd5 11. O-O Bg4 12. Qb3 Bxc3 13. bxc3 Bxf3 14.
Qxb7 Nd7 15. gxf3 N7b6 16. Bb3 Qf6 17. Kg2 Nxc3 18. Rac1 Nbd5 19. Bxd5 Nxd5 20. Qxc6 Qf5 21. Rc5 Rad8 22. Rfc1 Re6 23. Qxd5 Rg6+ 24. Kh1 1-0

[Event "Early-Titled-Tuesday-Blitz-April-16-2024"]
[Site "Chess.com"]
[Date "2024.04.16"]
[Round "8"]
[White "sathvikadiga"]
[Black "KVAIDAN"]
[Result "1-0"]
[WhiteElo "2592"]
[BlackElo "2353"]
[TimeControl "180+1"]
[EndTime "9:27:55 PDT"]
[Termination "sathvikadiga won by resignation"]

1. e4 e5 2. Nf3 d5 3. Nxe5 Bd6 4. d4 dxe4 5. Nc3 Bxe5 6. dxe5 Qxd1+ 7. Nxd1 Nc6 8. Nc3 Bf5 9. Bf4 O-O-O 10. Bc4 Nge7 11. Bxf7 Rhf8 12. e6 Nb4 13. Rc1 e3 14. O-O e2 15.
Nxe2 Nxc2 16. Ng3 Bg6 17. Bg5 Rfe8 18. Bxg6 Nd4 19. Bxe8 Rxe8 20. Bxe7 Rxe7 21. Rfd1 Nc6 22. Nf5 Rxe6 23. Nd4 Nxd4 24. Rxd4 b6 25. Rcd1 Re1+ 26. Rxe1 1-0

[Event "Early-Titled-Tuesday-Blitz-April-16-2024"]
[Site "Chess.com"]
[Date "2024.04.16"]
[Round "8"]
[White "Bwert2602"]
[Black "stratacticos"]
[Result "1-0"]
[WhiteElo "2225"]
[BlackElo "1882"]
[TimeControl "180+1"]
[EndTime "9:28:14 PDT"]
[Termination "Bwert2602 won by resignation"]

1. e4 c5 2. Nf3 Nc6 3. Bb5 Na5 4. O-O a6 5. Be2 b5 6. a4 c4 7. axb5 axb5 8. Nc3 Qb6 9. d3 Bb7 10. Be3 Qc6 11.
Nd4 Qc8 12. Ncxb5 e5 13. Nf5 Ra6 14. Rxa5 g6 15. Rxa6 gxf5 16. Nd6+ Bxd6 17. Rxd6 f4 18. Bg4 Bc6 19. Bc5 Ne7 20. dxc4 O-O 21. Rxc6 Qxc6 22. Bxe7 1-0

[Event "Early-Titled-Tuesday-Blitz-April-16-2024"]
[Site "Chess.com"]
[Date "2024.04.16"]
[Round "8"]
[White "jbking07"]
[Black "RamyresCoelho"]
[Result "1-0"]
[WhiteElo "2420"]
[BlackElo "2292"]
[TimeControl "180+1"]
[EndTime "9:28:34 PDT"]
[Termination "jbking07 won by checkmate"]

1. e4 c5 2. Nf3 d6 3. d4 cxd4 4. Nxd4 Nf6 5. Nc3 e5 6. Bb5+ Bd7 7. Nf5 Bxb5 8. Nxb5 a6 9. Nbxd6+ Bxd6 10. Nxd6+ Ke7 11. Nf5+ Ke6 12. Nxg7+ Ke7 13. Nf5+ Ke6 14. Qf3 Qa5+ 15. Bd2 Qb5 16. O-O-O Nc6 17. Bg5 Rhg8 18. Rd6# 1-0

[Event "Early-Titled-Tuesday-Blitz-April-16-2024"]
[Site "Chess.com"]
[Date "2024.04.16"]
[Round "8"]
[White "David_Arutinian"]
[Black "MokshAD1603"]
[Result "1-0"]
[WhiteElo "2840"]
[BlackElo "2624"]
[TimeControl "180+1"]
[EndTime "9:28:35 PDT"]
[Termination "David_Arutinian won by resignation"]

1. Nf3 d5 2. e3 Nf6 3. c4 e6 4. b3 c5 5. Bb2 Nc6 6. cxd5 exd5 7. Nc3 d4 8. Na4 a6 9. Rc1 b6 10. exd4 Nxd4 11. Nxd4 cxd4 12. Bd3 Be7 13. O-O Bb7 14.
Re1 O-O 15. Nxb6 Qxb6 16. Rxe7 Rfe8 17. Rxe8+ Rxe8 18. h3 Nd5 19. Qg4 Nb4 20. Bxd4 Qh6 21. Be3 Qf6 22. Qxb4 1-0

[Event "Early-Titled-Tuesday-Blitz-April-16-2024"]
[Site "Chess.com"]
[Date "2024.04.16"]
[Round "8"]
[White "chito89"]
[Black "snowlord"]
[Result "0-1"]
[WhiteElo "2755"]
[BlackElo "2967"]
[TimeControl "180+1"]
[EndTime "9:28:37 PDT"]
[Termination "snowlord won by resignation"]

1. Nf3 d5 2. e3 Nf6 3. c4 e6 4. b3 b6 5. Bb2 Bd6 6. Nc3 O-O 7.
cxd5 exd5 8. Rc1 a6 9. d4 Nbd7 10. g3 a5 11. Bg2 Ba6 12. Ne2 Bb4+ 13. Bc3 Ne4 14. Bxb4 axb4 15. O-O Bxe2 16. Qxe2 Nc3 17. Rxc3 bxc3 18. Rc1 c5 19. Rxc3 Qe7 20. h4 Nf6 21.
Qb5 Rxa2 22. Ne5 Qe6 23. Qc6 Qf5 0-1

[Event "Early-Titled-Tuesday-Blitz-April-16-2024"]
[Site "Chess.com"]
[Date "2024.04.16"]
[Round "8"]
[White "FlemingA"]
[Black "kyuotbi"]
[Result "1-0"]
[WhiteElo "2425"]
[BlackElo "2271"]
[TimeControl "180+1"]
[EndTime "9:28:40 PDT"]
[Termination "FlemingA won by checkmate"]

1. e4 e5 2. Nf3 Nc6 3. c3 Nf6 4. d4 exd4 5. e5 Ne4 6. cxd4 d5 7. Nc3 Bb4 8. Bd2 Nxd2 9. Qxd2 Bg4 10. Be2 O-O 11. O-O f6 12. exf6 Qxf6 13. a3 Bxc3 14. bxc3 Na5 15. Rab1 Rae8 16. Ne5 Bxe2 17. Qxe2 Nc4 18.
Rxb7 Nxe5 19. dxe5 Rxe5 20. Qd3 c5 21. Rxa7 c4 22. Qd4 Qf5 23. h3 Re4 24. Qxg7# 1-0

[Event "Early-Titled-Tuesday-Blitz-April-16-2024"]
[Site "Chess.com"]
[Date "2024.04.16"]
[Round "8"]
[White "IM_ArthurDW08"]
[Black "Zohid6"]
[Result "0-1"]
[WhiteElo "2750"]
[BlackElo "2944"]
[TimeControl "180+1"]
[EndTime "9:28:41 PDT"]
[Termination "Zohid6 won by resignation"]

1. e4 e5 2. Nf3 Nf6 3. Nxe5 d6 4.
Nf3 Nxe4 5. d4 d5 6. Bd3 Bd6 7. O-O O-O 8. c4 c6 9. Re1 Bf5 10. Qb3 Qd7 11. c5 Bc7 12. g3 Ba5 13. Nc3 Nxc3 14. Ne5 Qc8 15. bxc3 f6 16. Bxf5 Qxf5 17. Qxb7 fxe5 18. Be3 Nd7 19. Qxc6 Bxc3 20. Qxd5+ Kh8 0-1

[Event "Early-Titled-Tuesday-Blitz-April-16-2024"]
[Site "Chess.com"]
[Date "2024.04.16"]
[Round "8"]
[White "ChessSwole"]
[Black "yonaltimur"]
[Result "1-0"]
[WhiteElo "2680"]
[BlackElo "2430"]
[TimeControl "180+1"]
[EndTime "9:28:47 PDT"]
[Termination "ChessSwole won by resignation"]

1. d4 d5 2. Nf3 Nf6 3. Bf4 c5 4.
e3 Nc6 5. Nbd2 cxd4 6. exd4 Qb6 7. Nb3 Bf5 8. c3 h6 9. a4 e6 10. a5 Qd8 11. a6 b6 12. Bb5 Rc8 13. Ne5 Qd6 14.
Ng6 Qd7 15. Nxh8 Bd6 16. Bxd6 Qxd6 17. O-O Kf8 18. Bd3 Bxd3 19. Qxd3 Kg8 20. Nxf7 Kxf7 21. h3 Ne7 22. Nd2 Ng6 23. Rae1 Re8 24. Nf3 Nf4 25.
Qe3 Ng6 26. Ne5+ 1-0

[Event "Early-Titled-Tuesday-Blitz-April-16-2024"]
[Site "Chess.com"]
[Date "2024.04.16"]
[Round "8"]
[White "Let_it_be_1"]
[Black "kripri"]
[Result "1-0"]
[WhiteElo "2596"]
[BlackElo "2371"]
[TimeControl "180+1"]
[EndTime "9:28:50 PDT"]
[Termination "Let_it_be_1 won by resignation"]

1. e4 c5 2. Nf3 d6 3. d4 cxd4 4. Nxd4 Nf6 5. Nc3 a6 6. Be2 e5 7.
Nb3 Be6 8. f4 Be7 9. O-O Qb6+ 10. Kh1 h5 11. f5 Bxb3 12. axb3 Nc6 13. Bg5 Ng4 14. Bxe7 Nxe7 15. Bxg4 hxg4 16. Qxg4 Rh7 17. f6 gxf6 18. Rxf6 Rd8 19. Raf1 Qe3 20. h3 Kf8 21. Qe6 Ke8 22. Rxf7 Rxf7 23. Qxf7+ Kd7 24. Qxe7+ 1-0

[Event "Early-Titled-Tuesday-Blitz-April-16-2024"]
[Site "Chess.com"]
[Date "2024.04.16"]
[Round "8"]
[White "Maftuna2303"]
[Black "KubaGepard"]
[Result "0-1"]
[WhiteElo "2374"]
[BlackElo "2577"]
[TimeControl "180+1"]
[EndTime "9:28:52 PDT"]
[Termination "KubaGepard won by resignation"]

1. e4 e5 2. Nf3 Nc6 3. Bb5 a6 4. Ba4 Nf6 5. O-O Be7 6. Re1 b5 7. Bb3 d6 8. c3 O-O 9. d3 Na5 10. Bc2 c5 11. h3 Nc6 12. Nbd2 h6 13. Nf1 Re8 14. Ng3 Be6 15. d4 cxd4 16. cxd4 exd4 17.
Nxd4 Nxd4 18. Qxd4 Rc8 19. Bd3 Nd7 20. Nf5 Bf6 21. Qb4 Nc5 22. Bf1 a5 23. Qd2 Bg5 24. f4 Bxf5 25. exf5 Rxe1 26. Qxe1 Bf6 27. Rb1 d5 28. Bd2 b4 29. b3 Ne4 30. Rd1 Qb6+ 31. Kh2 Bd4 32. Be2 Bf2 33. Rc1 Rxc1 34. Qxc1 Bg3+ 35. Kh1 Nf2+ 36. Kg1 Nxh3+ 37. Kh1 Nf2+ 38. Kg1 Nd3+ 39. Be3 Nxc1 40. Bxb6 Nxe2+ 0-1

[Event "Early-Titled-Tuesday-Blitz-April-16-2024"]
[Site "Chess.com"]
[Date "2024.04.16"]
[Round "8"]
[White "HighLawView"]
[Black "michaelskie11"]
[Result "0-1"]
[WhiteElo "2116"]
[BlackElo "2386"]
[TimeControl "180+1"]
[EndTime "9:28:52 PDT"]
[Termination "michaelskie11 won by resignation"]

1. e4 e6 2. d4 d5 3. Nd2 a6 4. Ngf3 c5 5. Bd3 Nc6 6. c3 cxd4 7. cxd4 Nf6 8. O-O Be7 9. Qe2 O-O 10. Re1 dxe4 11. Nxe4 Nxd4 12. Nxd4 Qxd4 13. Be3 Qa4 14. Bg5 Nd5 15. Bxe7 Nxe7 16. Qf3 Ng6 17. Qh5 h6 18. Nf6+ Kh8 19. Ng4 Nf4 20. Qh4 Nxd3 21.
Nxh6 Qxh4 0-1

[Event "Early-Titled-Tuesday-Blitz-April-16-2024"]
[Site "Chess.com"]
[Date "2024.04.16"]
[Round "8"]
[White "Stanbad1"]
[Black "Matibar"]
[Result "1-0"]
[WhiteElo "2592"]
[BlackElo "2802"]
[TimeControl "180+1"]
[EndTime "9:28:59 PDT"]
[Termination "Stanbad1 won by resignation"]

1. d4 Nf6 2. Nc3 d6 3. e4 e5 4. dxe5 dxe5 5. Qxd8+ Kxd8 6. Bc4 Be6 7. Bxe6 fxe6 8. f3 Bd6 9. Be3 a6 10. Nh3 Nbd7 11.
Nf2 Ke7 12. Nd3 b5 13. a4 b4 14. Nb1 c5 15. Nd2 Rac8 16. Nc4 Bb8 17. a5 h6 18. O-O-O g6 19. Rd2 g5 20. Rhd1 g4 21. b3 Rhg8 22. Nb6 Nxb6 23. axb6 c4 24. Nxb4 cxb3 25. Nxa6 gxf3 26.
gxf3 Rc3 27. Bc5+ Kf7 28. Kb2 bxc2 29. Kxc3 cxd1=Q 30. Rxd1 Rc8 31. Kb4 Rg8 32. Kb5 1-0

[Event "Early-Titled-Tuesday-Blitz-April-16-2024"]
[Site "Chess.com"]
[Date "2024.04.16"]
[Round "8"]
[White "jinxy2009"]
[Black "NiranjanNavalgund"]
[Result "1-0"]
[WhiteElo "2350"]
[BlackElo "2491"]
[TimeControl "180+1"]
[EndTime "9:29:00 PDT"]
[Termination "jinxy2009 won by checkmate"]

1. e4 c5 2. Nf3 b6 3. d4 cxd4 4. Nxd4 Bb7 5. Nc3 e6 6. Be3 Bc5 7. Qd2 f6 8. O-O-O Ne7 9. Nb3 Bxe3 10. Qxe3 O-O 11. h4 f5 12. e5 f4 13. Qd2 Nbc6 14. Nb5 Nxe5 15. Qd6 N7g6 16. h5 Nf7 17.
Qxd7 Qxd7 18. Rxd7 Bc6 19. Rc7 Bxb5 20. Bxb5 Nge5 21. Re1 Rac8 22. Rxa7 Nd6 23. Rxe5 f3 24. g3 Rfd8 25. a4 h6 26. Rxe6 Nxb5 27. axb5 Rd3 28.
Kb1 Rd1+ 29. Ka2 Rd5 30. Rg6 Rxb5 31. Rgxg7+ Kf8 32. Raf7+ Ke8 33. Nd4 Ra5+ 34. Kb3 Rca8 35. Re7+ Kd8 36. Nc6+ Kc8 37. Rc7# 1-0

[Event "Early-Titled-Tuesday-Blitz-April-16-2024"]
[Site "Chess.com"]
[Date "2024.04.16"]
[Round "8"]
[White "DanyKopy"]
[Black "knightinshiningarmour16"]
[Result "0-1"]
[WhiteElo "2523"]
[BlackElo "2361"]
[TimeControl "180+1"]
[EndTime "9:29:08 PDT"]
[Termination "knightinshiningarmour16 won by resignation"]

1. Nf3 d5 2. g3 Nf6 3. Bg2 Bf5 4.
O-O c6 5. c4 e6 6. Qb3 Qb6 7.
d4 h6 8. Nc3 Nbd7 9. c5 Qxb3 10. axb3 a6 11. b4 Rc8 12. Nd2 g5 13. Nb3 Bg7 14.
Na5 Rb8 15. f3 Ng8 16. h4 Bxd4+ 17. e3 Be5 18. e4 Bg6 19. f4 gxf4 20. gxf4 Bd4+ 21.
Kh2 Ngf6 22. f5 Bh5 23. exd5 Be5+ 24. Kh1 exd5 25. Bf4 Bxf4 26. Rxf4 O-O 27. Rg1 Kh7 28. Re1 Rfe8 29. Rff1 Ne5 30. Ne2 Nd3 31. Rd1 Bxe2 32. Rxd3 Bxd3 0-1

[Event "Early-Titled-Tuesday-Blitz-April-16-2024"]
[Site "Chess.com"]
[Date "2024.04.16"]
[Round "8"]
[White "chess123456s"]
[Black "Witik"]
[Result "1/2-1/2"]
[WhiteElo "2607"]
[BlackElo "2714"]
[TimeControl "180+1"]
[EndTime "9:29:09 PDT"]
[Termination "Game drawn by agreement"]

1. e4 c5 2. Nf3 d6 3. d4 cxd4 4.
Nxd4 Nf6 5. Nc3 a6 6. Rg1 e5 7.
Nb3 h5 8. h3 h4 9. Bg5 Be7 10.
Bd3 Be6 11. Qe2 Nh5 12. Be3 Bg5 13. O-O-O Nc6 14. Kb1 Bxe3 15. Qxe3 Nf4 16. Ne2 Qf6 17. Nxf4 exf4 18. Qd2 Bxb3 19. axb3 O-O-O 20. Bc4 Ne5 21. Bd5 Rd7 22. Qd4 Kb8 23. Qb6 Rc8 24. Rd4 Qd8 25. Qb4 Qc7 26. c3 Qc5 27. Qa4 Re7 28. f3 Ka7 29. Rgd1 f6 30. b4 1/2-1/2

[Event "Early-Titled-Tuesday-Blitz-April-16-2024"]
[Site "Chess.com"]
[Date "2024.04.16"]
[Round "8"]
[White "AlphaGoosee"]
[Black "Denisenko_Denis"]
[Result "1-0"]
[WhiteElo "2579"]
[BlackElo "2442"]
[TimeControl "180+1"]
[EndTime "9:29:09 PDT"]
[Termination "AlphaGoosee won by resignation"]

1. e4 e5 2. Nf3 Nf6 3. d4 Nxe4 4.
Bd3 d5 5. Nxe5 Nd7 6. Nxd7 Bxd7 7. O-O Bd6 8. c4 c6 9. Nc3 Nxc3 10. bxc3 O-O 11.
Qh5 g6 12. Qf3 dxc4 13. Bxc4 Qc7 14. Bh6 Bxh2+ 15. Kh1 Bd6 16. Bxf8 Rxf8 17. Rae1 Qd8 18. g3 Qg5 19. Kg2 Bg4 20. Qe3 Qf6 21. Be2 Be6 22.
Bf3 Bxa2 23. Rh1 h5 24. Qh6 Qf5 25. g4 Qf4 26. Qxf4 Bxf4 27. gxh5 gxh5 28. Ra1 Be6 29. Rxa7 Bd2 30. Rxb7 Bxc3 31. Rxh5 Bxd4 32. Rg5+ Kh7 33. Rb1 1-0

[Event "Early-Titled-Tuesday-Blitz-April-16-2024"]
[Site "Chess.com"]
[Date "2024.04.16"]
[Round "8"]
[White "GrotBchess"]
[Black "familijatop71"]
[Result "1-0"]
[WhiteElo "2448"]
[BlackElo "2316"]
[TimeControl "180+1"]
[EndTime "9:29:14 PDT"]
[Termination "GrotBchess won on time"]

1. e4 d5 2. exd5 Qxd5 3. Nc3 Qa5 4. Nf3 c6 5. d3 Nf6 6. Bd2 Qc7 7. Be2 Bg4 8. h3 Bh5 9. Be3 e6 10. Qd2 Nbd7 11. Bf4 Bd6 12. Bxd6 Qxd6 13. Ng5 Bxe2 14. Qxe2 h6 15. Nge4 Nxe4 16. dxe4 e5 17. O-O O-O 18.
Rad1 Qe6 19. Qe3 Nf6 20. a4 b6 21. b3 Rad8 22. Ne2 Qe7 23. Ng3 Rxd1 24. Rxd1 Rd8 25.
Rd3 Rxd3 26. Qxd3 Qd7 27. Qc3 Qe8 28. f3 c5 29. Nf5 Kh7 30. Qd3 g6 31. Ne3 Qe7 32.
Qc4 1-0

[Event "Early-Titled-Tuesday-Blitz-April-16-2024"]
[Site "Chess.com"]
[Date "2024.04.16"]
[Round "8"]
[White "ploxoi"]
[Black "Navyblue1"]
[Result "1-0"]
[WhiteElo "2407"]
[BlackElo "2265"]
[TimeControl "180+1"]
[EndTime "9:29:15 PDT"]
[Termination "ploxoi won by checkmate"]

1. c4 Nf6 2. g3 g6 3. Bg2 Bg7 4. Nc3 O-O 5. Nf3 d5 6. cxd5 Nxd5 7. O-O c5 8. Qc2 Nb4 9. Qd1 N8c6 10. d3 Nd5 11. Bd2 e5 12. a3 Be6 13. Ng5 Nxc3 14. Nxe6 Nxd1 15. Nxd8 Rfxd8 16. Rfxd1 Nd4 17. Kf1 Rab8 18. h4 b6 19. b4 Nb3 20.
Ra2 Nxd2+ 21. Rdxd2 cxb4 22. axb4 Rd7 23. Bc6 Rc7 24. Bd5 Bf8 25. b5 Kg7 26. Kg2 Bc5 27. Kf3 f5 28. e3 Kf6 29. Rdc2 h6 30. d4 exd4 31. exd4 Bd6 32. Rxc7 Bxc7 33. Rxa7 Bd6 34. Rf7# 1-0

[Event "Early-Titled-Tuesday-Blitz-April-16-2024"]
[Site "Chess.com"]
[Date "2024.04.16"]
[Round "8"]
[White "Kotlyar_K"]
[Black "stolencandy13"]
[Result "1-0"]
[WhiteElo "2686"]
[BlackElo "2559"]
[TimeControl "180+1"]
[EndTime "9:29:20 PDT"]
[Termination "Kotlyar_K won by resignation"]

1. d4 Nf6 2. c4 c5 3. d5 e6 4. Nc3 exd5 5. cxd5 d6 6. Nf3 g6 7. Nd2 Bg7 8. e4 O-O 9. Be2 a6 10. a4 Re8 11. O-O Nbd7 12. h3 h6 13. Qc2 g5 14.
Nc4 Ne5 15. Nxe5 Rxe5 16. f4 gxf4 17. Bxf4 Re8 18. Rae1 Qe7 19. Bf3 Nd7 20. Bh5 Qh4 21.
Bxf7+ Kf8 22. Bxd6+ Re7 23. Be6+ Nf6 24. e5 Bxe6 25.
exf6 Bxf6 26. Bxe7+ Kxe7 27. Rxe6+ Kd7 28. Rexf6 1-0

[Event "Early-Titled-Tuesday-Blitz-April-16-2024"]
[Site "Chess.com"]
[Date "2024.04.16"]
[Round "8"]
[White "GMAneta"]
[Black "MIss_MIaMI"]
[Result "1-0"]
[WhiteElo "2543"]
[BlackElo "2359"]
[TimeControl "180+1"]
[EndTime "9:29:20 PDT"]
[Termination "GMAneta won by checkmate"]

1. d4 c5 2. d5 g6 3. Nc3 Bg7 4.
e4 a6 5. a4 b6 6. Nf3 d6 7. h3 Nd7 8. Bc4 Ngf6 9. Bf4 O-O 10.
O-O Ne8 11. Re1 Ne5 12. Nxe5 dxe5 13. Be3 Nd6 14. Bf1 a5 15. f4 Ba6 16. Bxa6 Rxa6 17. Qf3 Nc4 18. Bc1 Ra7 19. f5 Qd7 20. Kh1 Nd6 21. Rf1 f6 22. fxg6 hxg6 23. Qg3 Kf7 24. Qxe5 Rh8 25. Qg3 Nc4 26. b3 Nd6 27. e5 Qf5 28. e6+ Kf8 29. Rxf5 gxf5 30. Bf4 Ne4 31. Nxe4 fxe4 32. Bh6 Rg8 33. Qb8# 1-0

[Event "Early-Titled-Tuesday-Blitz-April-16-2024"]
[Site "Chess.com"]
[Date "2024.04.16"]
[Round "8"]
[White "albi1999"]
[Black "BardArtem"]
[Result "1-0"]
[WhiteElo "2659"]
[BlackElo "2841"]
[TimeControl "180+1"]
[EndTime "9:29:21 PDT"]
[Termination "albi1999 won by resignation"]

1. d4 d5 2. Nf3 Nf6 3. g3 c5 4. Bg2 cxd4 5. Nxd4 e5 6. Nb3 Nc6 7. O-O h6 8. N1d2 a5 9. a4 Bb4 10. c3 Be7 11. e4 dxe4 12. Nxe4 Nxe4 13. Qxd8+ Bxd8 14. Bxe4 O-O 15. Be3 f5 16. Bd5+ Kh7 17. Rfd1 f4 18. Bc5 Be7 19. Bxc6 Bxc5 20. Be4+ Bf5 21.
Nxc5 Rac8 22. Bxf5+ Rxf5 23. Ne4 Rc6 24. g4 Rf8 25. f3 Rc7 26. Rd5 h5 27. h3 hxg4 28.
hxg4 b6 29. b3 Kg8 30. Rad1 Rc6 31. c4 Rh6 32. Kg2 Re6 33. Rd6 Rfe8 34. Rxe6 Rxe6 35. Rd6 Re8 36. g5 Kf7 37. g6+ Ke7 38. Rxb6 Rd8 39. Rb7+ Ke6 40. Rxg7 Rd3 41. Nc5+ Kf6 42. Nxd3 e4 43.
fxe4 1-0

[Event "Early-Titled-Tuesday-Blitz-April-16-2024"]
[Site "Chess.com"]
[Date "2024.04.16"]
[Round "8"]
[White "Leo_C"]
[Black "Payyappat"]
[Result "1-0"]
[WhiteElo "2666"]
[BlackElo "2536"]
[TimeControl "180+1"]
[EndTime "9:29:21 PDT"]
[Termination "Leo_C won by resignation"]

1. e4 c6 2. Nc3 d5 3. Nf3 dxe4 4. Nxe4 Nf6 5. Qe2 Nxe4 6. Qxe4 Nd7 7. Bc4 Nf6 8. Ne5 e6 9. Qe2 b5 10. Bd3 Qc7 11.
O-O Bd6 12. Re1 Bb7 13. a4 b4 14. Bc4 O-O-O 15. Nxf7 Nd5 16. Nxh8 Rxh8 17. Qxe6+ Kb8 18. Bxd5 cxd5 19. d4 Bc6 20. Bg5 Re8 21. Qh3 Rxe1+ 22. Rxe1 h6 23. Bh4 Bd7 24. Qb3 Qa5 25. Bg3 Bxg3 26. Qxg3+ Kc8 27. Qxg7 Qxa4 28. Qg8+ Kc7 29. Qxd5 Qxc2 30. Qa5+ Kc8 31. Qxb4 Bc6 32. Qc5 Qxc5 33. dxc5 Kb7 34. f4 Ka6 35. f5 Kb5 36. f6 Kxc5 37.
f7 Bd5 38. f8=Q+ 1-0

[Event "Early-Titled-Tuesday-Blitz-April-16-2024"]
[Site "Chess.com"]
[Date "2024.04.16"]
[Round "8"]
[White "ragnaroek66"]
[Black "Root_21"]
[Result "0-1"]
[WhiteElo "2523"]
[BlackElo "2639"]
[TimeControl "180+1"]
[EndTime "9:29:22 PDT"]
[Termination "Root_21 won by resignation"]

1. d4 Nf6 2. c4 e6 3. Nf3 d5 4.
g3 dxc4 5. Bg2 c6 6. O-O b5 7. a4 Bb7 8. b3 cxb3 9. Qxb3 a6 10. Ba3 Bxa3 11. Nxa3 Nbd7 12. Rfc1 O-O 13. Nc4 Qc7 14.
Rab1 Rab8 15. Nce5 Qd6 16. Nd3 Nb6 17. Nc5 Nfd7 18.
Nxb7 Rxb7 19. axb5 cxb5 20. Ng5 Rc7 21. Qd3 Nf6 22.
e4 Rxc1+ 23. Rxc1 e5 24. Nf3 Nc4 25. Rd1 Nb2 0-1

[Event "Early-Titled-Tuesday-Blitz-April-16-2024"]
[Site "Chess.com"]
[Date "2024.04.16"]
[Round "8"]
[White "TERMINATOR_PC"]
[Black "Donskov_AN"]
[Result "1-0"]
[WhiteElo "2616"]
[BlackElo "2402"]
[TimeControl "180+1"]
[EndTime "9:29:27 PDT"]
[Termination "TERMINATOR_PC won by checkmate"]

1. e4 c5 2. Nf3 Nc6 3. d4 cxd4 4.
Nxd4 Nf6 5. Nc3 d6 6. Bg5 Bd7 7. Qd3 a6 8. O-O-O e6 9. Kb1 Nxd4 10. Qxd4 Bc6 11. f3 Be7 12. f4 O-O 13. Bd3 b5 14. Rhe1 Qc7 15. e5 dxe5 16. fxe5 Nd5 17. Nxd5 Bxd5 18.
Qh4 h6 19. Bxe7 Rfc8 20. Bd6 Qa5 21. b3 Qc3 22. Qb4 Qc6 23. Re3 Ra7 24. Rg3 a5 25.
Qf4 f5 26. exf6 a4 27. fxg7 axb3 28. Qf8+ Rxf8 29.
gxf8=Q# 1-0

[Event "Early-Titled-Tuesday-Blitz-April-16-2024"]
[Site "Chess.com"]
[Date "2024.04.16"]
[Round "8"]
[White "RedFirePanda"]
[Black "Yushko_Olga"]
[Result "1-0"]
[WhiteElo "2481"]
[BlackElo "2263"]
[TimeControl "180+1"]
[EndTime "9:29:28 PDT"]
[Termination "RedFirePanda won by resignation"]

1. d4 Nf6 2. Bf4 e6 3. c3 d5 4. e3 c5 5. Nd2 Nc6 6. Ngf3 Bd6 7. Bg3 O-O 8. Bd3 Re8 9. O-O cxd4 10. exd4 e5 11.
dxe5 Nxe5 12. Nxe5 Bxe5 13. Qb3 b6 14. Rfe1 Bxg3 15.
hxg3 Be6 16. Qc2 Rc8 17. Nf3 Bg4 18. Nd4 Qd7 19. Qd2 Ne4 20. Qf4 g5 21. Qc1 h6 22.
Bb5 Qd6 23. Bxe8 Rxe8 24. f3 Qxg3 25. fxe4 Bh3 26. Qd2 dxe4 27. Re3 Qf4 28. Rf1 1-0

[Event "Early-Titled-Tuesday-Blitz-April-16-2024"]
[Site "Chess.com"]
[Date "2024.04.16"]
[Round "8"]
[White "Josgar05"]
[Black "kachsona"]
[Result "0-1"]
[WhiteElo "2451"]
[BlackElo "2622"]
[TimeControl "180+1"]
[EndTime "9:29:35 PDT"]
[Termination "kachsona won by checkmate"]

1. Nf3 d5 2. b3 Nf6 3. Bb2 g6 4. e3 Bg7 5. d4 O-O 6. Be2 Ne4 7.
O-O f5 8. c4 e6 9. Nc3 Kh8 10. Rc1 c6 11. b4 g5 12. b5 g4 13.
Ne5 cxb5 14. cxd5 exd5 15. Nxb5 Nc6 16. Nxc6 bxc6 17. Rxc6 Bd7 18. Rc2 Rb8 19. Na3 Ba4 20. Bc1 Qa5 21. f3 gxf3 22. gxf3 Bxc2 23. Qxc2 Rfc8 24.
Qd1 Nc3 25. Qe1 Nxe2+ 26. Qxe2 Rxc1 27. Rxc1 Qxa3 28. Rc7 Rb1+ 29. Kf2 Qd6 30. Rc8+ Bf8 31. f4 Qg6 32. Rxf8+ Kg7 33. Qc2 Qg1+ 34. Ke2 Re1+ 35. Kd2 Qxe3# 0-1

[Event "Early-Titled-Tuesday-Blitz-April-16-2024"]
[Site "Chess.com"]
[Date "2024.04.16"]
[Round "8"]
[White "AndrewB92"]
[Black "carloseduar100"]
[Result "1-0"]
[WhiteElo "2463"]
[BlackElo "2246"]
[TimeControl "180+1"]
[EndTime "9:29:36 PDT"]
[Termination "AndrewB92 won by resignation"]

1. d4 d5 2. c4 e6 3. Nc3 a6 4. Nf3 dxc4 5. a4 Nc6 6. e4 Na5 7. Be3 Nf6 8. Ne5 Bb4 9. f3 b5 10. axb5 axb5 11. Be2 Bb7 12. O-O Nb3 13. Rxa8 Qxa8 14.
Nxb5 O-O 15. Bxc4 Na5 16. Qd3 Nxc4 17. Qxc4 Bd6 18. Nxc7 Rc8 19. Nxa8 Rxc4 20. Nxc4 1-0

[Event "Early-Titled-Tuesday-Blitz-April-16-2024"]
[Site "Chess.com"]
[Date "2024.04.16"]
[Round "8"]
[White "scarabee43"]
[Black "VD_coach"]
[Result "1-0"]
[WhiteElo "2829"]
[BlackElo "2639"]
[TimeControl "180+1"]
[EndTime "9:29:40 PDT"]
[Termination "scarabee43 won by resignation"]

1. Nf3 Nf6 2. c4 g6 3. Nc3 Bg7 4. d4 O-O 5. Bg5 d6 6. e3 Nbd7 7. Qc2 c5 8. d5 a6 9. a4 Qa5 10. Nd2 b5 11. cxb5 axb5 12. Bxb5 h6 13. Bf4 Ba6 14. Bxa6 Qxa6 15. e4 Rfb8 16. Ra3 Nb6 17.
Nb5 Nh5 18. Be3 Nxa4 19. Nc7 Rxb2 20. Qd1 Qb7 21. Nxa8 Nc3 22. Qc1 Qb5 23. Rxc3 Bxc3 24. Qxc3 Ra2 25. Nc7 Qb7 26. Ne8 f6 27. O-O 1-0

[Event "Early-Titled-Tuesday-Blitz-April-16-2024"]
[Site "Chess.com"]
[Date "2024.04.16"]
[Round "8"]
[White "mishanick"]
[Black "Kobalia"]
[Result "1-0"]
[WhiteElo "3052"]
[BlackElo "2820"]
[TimeControl "180+1"]
[EndTime "9:29:45 PDT"]
[Termination "mishanick won on time"]

1. d4 d5 2. c4 c6 3. Nc3 Nf6 4.
Nf3 e6 5. e3 Nbd7 6. Qc2 Bd6 7.
Be2 O-O 8. O-O dxc4 9. Bxc4 e5 10. h3 a5 11. a3 Bc7 12. Ba2 Qe7 13. Bd2 h6 14. Nh4 Rd8 15. Nf5 Qf8 16. Rae1 Nb6 17. dxe5 Bxe5 18. f4 Rxd2 19. Qxd2 Bxc3 20. Nxh6+ gxh6 21. Qxc3 Qg7 22. e4 Be6 23. Bxe6 fxe6 24. Rf3 Kh7 25.
Rg3 Qf7 26. Qb3 Nc8 27. f5 Nh5 28. fxe6 Qe7 29. Rf3 Ng7 30. e5 Qxe6 31. Qd3+ Qg6 32. Qd7 1-0

[Event "Early-Titled-Tuesday-Blitz-April-16-2024"]
[Site "Chess.com"]
[Date "2024.04.16"]
[Round "8"]
[White "koncheto"]
[Black "LuisFSiles"]
[Result "0-1"]
[WhiteElo "2528"]
[BlackElo "2377"]
[TimeControl "180+1"]
[EndTime "9:29:45 PDT"]
[Termination "LuisFSiles won by checkmate"]

1. e4 c5 2. d4 cxd4 3. c3 Nf6 4. e5 Nd5 5. Qxd4 e6 6. Nf3 Nc6 7. Qe4 f5 8. exf6 Nxf6 9. Qc2 Bc5 10. Bd3 O-O 11. O-O d5 12. Bf4 Qe8 13. Re1 Qh5 14. Bg3 Bd7 15. Nbd2 Rae8 16. Nb3 Bb6 17. Ne5 Nxe5 18.
Rxe5 Qh6 19. Re2 Ng4 20. h3 Nf6 21. Rae1 Nh5 22. Bd6 Nf4 23. Bxf8 Qg5 24. Bxh7+ Kxf8 25. Be4 dxe4 26. Rxe4 Qxg2# 0-1